 Dungeon Crawl Stone Soup version 0.24-a0-524-gf43b32f898 (webtiles) character file.

Game seed: 17475260632979261719

10052 Flugkiller the Nimble (level 11, -38/73 HPs)
             Began as an Octopode Assassin on July 31, 2019.
             Was a Follower of Uskayaw.
             Killed from afar by a tengu reaver (45 damage)
             ... with a bolt of lightning
             ... on level 11 of the Dungeon.
             The game lasted 00:29:49 (16351 turns).

Flugkiller the Nimble (Octopode Assassin)          Turns: 16351, Time: 00:29:49

Health: -38/73     AC:  1    Str: 10    XL:     11   Next: 56%
Magic:  16/16      EV: 25    Int: 13    God:    Uskayaw [*.....]
Gold:   290        SH: 11    Dex: 23    Spells: 13/14 levels left

rFire    + . .     SeeInvis .   g - +1 short sword (elec)
rCold    . . .     Gourm    .   A - +1 shield
rNeg     . . .     Faith    +   (helmet restricted)
rPois    .         Spirit   .   w - amulet of faith
rElec    .         Reflect  .   h - ring of protection from fire
rCorr    .         Harm     .   F - ring of wizardry
MR       .....                  k - ring of attention (curse)
Stlth    +++++.....             (no ring)
HPRegen  0.22/turn              (no ring)
MPRegen  0.15/turn              (no ring)
                                (no ring)
                                (no ring)

@: agile, about to teleport
A: almost no armour, stealthy swim, amphibious, 8 rings, constrict 8, camouflage
1, gelatinous body 1
a: Stomp, Renounce Religion


You were on level 11 of the Dungeon.
You worshipped Uskayaw.
Uskayaw was noncommittal.
You were not hungry.

You visited 2 branches of the dungeon, and saw 12 of its levels.
You also visited: Sewer.

You collected 514 gold pieces.
You spent 224 gold pieces at shops.

Inventory:

Hand Weapons
 a - a +2 dagger
 g - a +1 short sword of electrocution (weapon)
   (You took it off a kobold on level 1 of the Dungeon)
 o - a +0 dagger of protection
   (You found it on level 7 of the Dungeon)
 H - a +1 dagger of chaos
   (You took it off Psyche on level 9 of the Dungeon)
 K - a +2 rapier of venom
   (You took it off Duvessa on level 5 of the Dungeon)
Missiles
 b - 59 poisoned darts
 L - a curare-tipped dart (quivered)
Armour
 x - a +0 large shield
   (You found it on level 4 of the Dungeon)
 A - a +1 shield (worn)
   (You found it in a sewer)
Jewellery
 h - a ring of protection from fire (left tentacle)
   (You found it on level 1 of the Dungeon)
 k - a cursed ring of attention (on tentacle)
   (You found it on level 10 of the Dungeon)
 u - an uncursed amulet of regeneration
   (You took it off an orc on level 3 of the Dungeon)
 w - an amulet of faith (around mantle)
   (You found it on level 4 of the Dungeon)
 F - a ring of wizardry (right tentacle)
   (You found it on level 11 of the Dungeon)
Wands
 n - a wand of disintegration (11)
   (You took it off a kobold on level 11 of the Dungeon)
 r - a wand of iceblast (25)
   (You found it on level 3 of the Dungeon)
 y - a wand of paralysis (10)
   (You found it in a sewer)
 B - a wand of flame (27)
   (You found it on level 5 of the Dungeon)
 I - a wand of polymorph (8)
   (You took it off Sigmund on level 2 of the Dungeon)
 M - a wand of enslavement (7)
   (You took it off a big kobold on level 11 of the Dungeon)
Scrolls
 e - a scroll of blinking {unknown}
 f - 2 scrolls of teleportation
 i - a scroll of amnesia
 m - 2 scrolls of fog
 p - a scroll of enchant armour
 q - 5 scrolls of remove curse
 s - a scroll of immolation
 z - a scroll of magic mapping {unknown}
 G - a scroll of random uselessness {unknown}
Potions
 c - a potion of haste
 j - 7 potions of flight
 l - 4 potions of lignification
 t - 2 potions of resistance
 v - a potion of berserk rage
 E - a potion of brilliance
Comestibles
 d - 13 rations
 J - 13 chunks of flesh


   Skills:
 + Level 6.3 Fighting
 + Level 8.4 Short Blades
 - Level 2.0 Throwing
 + Level 9.2 Dodging
 - Level 8.0 Stealth
 + Level 5.7 Shields
 - Level 2.1 Spellcasting
 - Level 2.0 Hexes
 + Level 7.5 Invocations
 - Level 5.0 Evocations


You had 13 spell levels left.
You knew the following spells:

 Your Spells              Type           Power        Failure   Level  Hunger
a - Confusing Touch       Hex            #.....       14%         1    ##.....

Your spell library contained the following spells:

 Spells                   Type           Power        Failure   Level  Hunger
 Corona                   Hex            #......      14%         1    ##.....
 Sting                    Conj/Pois      #...         32%         1    ##.....
 Ensorcelled Hibernation  Hex/Ice        #.....       32%         2    ###....
 Confuse                  Hex            #.......     38%         3    ####...
 Tukima's Dance           Hex            #.......     38%         3    ####...
 Poisonous Vapours        Pois/Air       #.....       43%         2    ###....
 Dazzling Spray           Conj/Hex       #.....       52%         3    ####...
 Gell's Gravitas          Tloc           #.........   65%         3    ####...
 Mephitic Cloud           Conj/Pois/Air  #.......     65%         3    ####...
 Olgreb's Toxic Radiance  Pois           #.......     96%         4    #####..
 Petrify                  Tmut/Erth      #.......     96%         4    #####..
 Metabolic Englaciation   Hex/Ice        #.........   99%         5    ######.
 Yara's Violent Unravell  Hex/Tmut       #.........   99%         5    ######.
 Venom Bolt               Conj/Pois      #.........   100%        5    ######.


Dungeon Overview and Level Annotations

Branches:
Dungeon (11/15)            Temple (1/1) D:5
   Lair: D:8-11         Orc: D:9-12

Altars:
Ashenzari
Cheibriados
Dithmenos
Fedhas
Gozag
Hepliaklqana
Okawaru
Qazlal
Ru
Sif Muna
Trog
Uskayaw
Wu Jian
Xom
Zin
The Shining One

Shops:
D:4 %   D:6 *   D:7 }

Annotations:
D:1 exclusion: gnoll
D:2 1 runed translucent door, Crazy Yiuf
D:10 exclusion: guardian serpent
D:11 1 runed translucent door


Innate Abilities, Weirdness & Mutations

You cannot wear most types of armour.
You are very stealthy in the water. (Stealth+)
You are amphibious.
You can wear up to eight rings at the same time.
You can use your tentacles to constrict eight enemies at once.
Your skin changes colour to match your surroundings (Stealth+).
Your rubbery body absorbs attacks. (AC +1, EV +1)


Message History

The orc shouts!
You hit the manticore.
The manticore is lightly wounded.
The manticore bites you!! The manticore closely misses you.
The manticore misses you.
You strike the helpless manticore from behind!
You impale the manticore!!
Lightning courses through the manticore!
The manticore is almost dead.
The manticore seems less confused.
The manticore bites you!!
* * * LOW HITPOINT WARNING * * *
The manticore claws you!
* * * LOW HITPOINT WARNING * * *
The manticore claws you!
* * * LOW HITPOINT WARNING * * *
You block the orc's attack.
You can now pass through a line of other dancers.
You stomp with the beat, sending a shockwave through the revelers around you!
You kill the manticore!
You kill the orc!
You feel somewhat more hungry.
Unknown command.
Things that are here:
a +0 giant spiked club; a +0 giant club; a two-headed ogre corpse You butcher the two-headed ogre corpse.
J - 14 chunks of flesh (gained 4)
Things that are here:
a +0 giant spiked club; a +0 giant club; a two-headed ogre skeleton
There is an open door here.
You can no longer pass through a line of other dancers.
There is an open door here.
You close the door.
You start resting.
Eating one of 14 chunks of flesh.
You eat one of the 14 chunks of flesh.
This raw flesh tastes terrible.
Magic restored.
You start resting.
Something unseen opens the door.
You start resting.
A tengu reaver comes into view.
It is wielding a +0 battleaxe and wearing a +2 scale mail of magic resistance.
Unknown command.
The tengu reaver shouts!
As you read the scroll of teleportation, it crumbles to dust.
You feel strangely unstable.
Unknown command.
You feel agile all of a sudden. The tengu reaver casts a spell at you.
The bolt of lightning hits you!
* * * LOW HITPOINT WARNING * * *
The bolt of lightning hits you!!!
Ouch! That really hurt!
You die...

###### #....# #########@.(.#
###### #.......#....# .....#
#.......#Q...#
####.###.....[.#....#############
......)'.......'...[[............
####)###.......#.......##.#######
...............+.......'.....#
#####.##########.......####..#
#.## #.......####..####


You could see a tengu reaver.

Vanquished Creatures
  A centaur warrior (D:11)
  3 two-headed ogres
  A manticore (D:11)
  Psyche (D:9)
  A centaur skeleton (D:11)
  A hornet (D:8)
  3 trolls
  Prince Ribbit (D:7)
  Sigmund (D:2)
  A wyvern (D:11)
  Grum (D:9)
  A water moccasin (D:8)
  Duvessa (D:5)
  5 orc warriors
  2 black bears
  3 ice beasts
  4 sky beasts
  An eye of draining (D:10)
  4 wolves (D:9)
  3 ogres
  7 centaurs
  2 bullfrogs (D:11)
  2 big kobolds
  3 scorpions
  Dowan (D:5)
  3 killer bees (D:7)
  5 wights (D:7)
  2 crimson imps
  4 hounds
  4 jellies
  9 orc wizards
  3 orc priests
  A bullfrog skeleton (D:11)
  Natasha (thrice) (D:3)
  3 iguanas
  Terence (D:3)
  2 merfolk sirens (Sewer)
  A merfolk avatar (Sewer)
  4 worker ants
  A hound skeleton (D:9)
  19 adders
  4 gnolls (D:5)
  5 river rats
  A shadow imp (D:6)
  6 oozes
  2 adder zombies
  An adder skeleton (D:7)
  10 worms
  5 dart slugs
  10 leopard geckos
  46 orcs
  3 ball pythons
  9 bats
  13 giant cockroaches
  7 goblins
  6 hobgoblins
  3 jackals
  16 kobolds
  7 frilled lizards
  A jackal skeleton (D:7)
  A quokka skeleton (D:5)
  35 rats
310 creatures vanquished.

Notes
Turn   | Place    | Note
-------+----------+-------------------------------------------
     0 | D:1      | Flugkiller the Octopode Assassin began the quest for the
                  | Orb.
     0 | D:1      | Reached XP level 1. HP: 14/14 MP: 1/1
   257 | D:1      | Reached XP level 2. HP: 19/19 MP: 2/2
   871 | D:1      | Reached XP level 3. HP: 25/25 MP: 3/3
  1046 | D:2      | Reached skill level 2 in Dodging
  1294 | D:2      | Found a runed translucent door.
  1295 | D:2      | Noticed Crazy Yiuf
  1317 | D:2      | Reached XP level 4. HP: 30/30 MP: 4/4
  1358 | D:2      | Noticed Sigmund
  1676 | D:2      | Found an ornate altar of the Wu Jian Council.
  1678 | D:2      | Found a glowing golden altar of the Shining One.
  1678 | D:2      | Found a shattered altar of Ashenzari.
  1678 | D:2      | Found a hazy altar of Hepliaklqana.
  1678 | D:2      | Found a deep blue altar of Sif Muna.
  1679 | D:2      | Found a blossoming altar of Fedhas.
  1682 | D:2      | Found a bloodstained altar of Trog.
  2260 | D:3      | Reached XP level 5. HP: 31/36 MP: 5/5
  2262 | D:3      | Noticed Terence
  2575 | D:3      | Killed Terence
  2575 | D:3      | Reached skill level 3 in Dodging
  2715 | D:3      | Found an opulent altar of Gozag.
  2829 | D:3      | Noticed a centaur
  2849 | D:3      | Killed a centaur
  2849 | D:3      | Reached XP level 6. HP: 29/43 MP: 6/6
  3300 | D:3      | Noticed Natasha
  3358 | D:3      | Killed Natasha
  3393 | D:3      | Noticed Natasha
  3407 | D:3      | Killed Natasha
  3680 | D:3      | Noticed Natasha
  3688 | D:3      | Killed Natasha
  3939 | D:3      | Found an opulent altar of Gozag.
  4308 | D:3      | Reached skill level 4 in Dodging
  4341 | D:4      | Reached XP level 7. HP: 44/49 MP: 7/7
  4785 | D:5      | Entered Level 5 of the Dungeon
  4862 | D:5      | Found a glowing drain.
  4871 | Sewer    | Entered a sewer
  5047 | Sewer    | Reached skill level 5 in Short Blades
  5221 | Sewer    | Reached skill level 5 in Fighting
  5368 | D:5      | Found a staircase to the Ecumenical Temple.
  5393 | Temple   | Entered the Ecumenical Temple
  5488 | Temple   | Became a worshipper of Uskayaw the Reveler
  5571 | D:5      | Reached skill level 1 in Evocations
  5571 | D:5      | Reached * piety under Uskayaw
  5647 | D:5      | Noticed Dowan
  5769 | D:5      | Reached ** piety under Uskayaw
  5846 | D:5      | Reached skill level 5 in Dodging
  5846 | D:5      | Reached skill level 1 in Shields
  5846 | D:5      | Reached XP level 8. HP: 46/55 MP: 9/9
  5903 | D:5      | Noticed Duvessa
  6109 | D:6      | Found Loirgh's General Store.
  6371 | D:6      | Reached *** piety under Uskayaw
  7325 | D:7      | Found Memiurph's Gadget Boutique.
  7652 | D:7      | Reached skill level 5 in Evocations
  7655 | D:7      | Reached **** piety under Uskayaw
  7656 | D:7      | Reached ***** piety under Uskayaw
  8086 | D:7      | Reached XP level 9. HP: 61/61 MP: 12/12
  8224 | D:7      | Bought a wand of iceblast (10) for 224 gold pieces
  8619 | D:7      | Noticed Prince Ribbit
  8624 | D:7      | Killed Prince Ribbit
  8624 | D:7      | Reached skill level 5 in Shields
  8698 | D:7      | Reached skill level 1 in Invocations
  8723 | D:7      | Learned a level 1 spell: Confusing Touch
  8856 | D:8      | Reached skill level 1 in Hexes
  8863 | D:8      | Noticed a two-headed ogre
  9074 | D:8      | Noticed a hornet
  9087 | D:8      | Reached skill level 1 in Spellcasting
  9187 | D:8      | Killed a hornet
  9703 | D:8      | Killed a two-headed ogre
  9703 | D:8      | Reached XP level 10. HP: 66/66 MP: 12/15
 11442 | D:9      | Noticed Psyche
 11451 | D:9      | Killed Psyche
 11614 | D:9      | Reached skill level 6 in Dodging
 11619 | D:9      | Noticed Grum
 11964 | D:9      | Killed Grum
 13104 | D:10     | Entered Level 10 of the Dungeon
 13306 | D:9      | Reached skill level 7 in Dodging
 14032 | D:2      | Killed Sigmund
 14377 | D:4      | Found Nibir's Food Emporium.
 14425 | D:5      | Killed Dowan
 14691 | D:5      | Killed Duvessa
 14995 | D:10     | Noticed a guardian serpent
 15136 | D:10     | Reached XP level 11. HP: 72/72 MP: 16/16
 15425 | D:11     | Noticed a two-headed ogre
 15431 | D:11     | Killed a two-headed ogre
 15431 | D:11     | Reached skill level 8 in Dodging
 15529 | D:11     | Found a glowing silver altar of Zin.
 15530 | D:11     | Found a runed translucent door.
 15530 | D:11     | Noticed an angel
 15534 | D:11     | Noticed a centaur warrior
 15539 | D:11     | Killed a centaur warrior
 15918 | D:11     | Reached skill level 9 in Dodging
 16246 | D:11     | Noticed a two-headed ogre
 16248 | D:11     | Noticed a manticore
 16254 | D:11     | Killed a two-headed ogre
 16258 | D:11     | HP: 3/72 [manticore (14)]
 16259 | D:11     | Killed a manticore
 16348 | D:11     | Identified the amulet of Starshine {Faith rPois Str+4}
 16348 | D:11     | Noticed a tengu reaver
 16351 | D:11     | Killed from afar by a tengu reaver

Levels and vault maps discovered:
D:1:      dpeg_arrival_oval, layout_basic, minivault_4, corexii_leaking_fountain
D:2:      minmay_razor_zed, layout_basic, minitemple, uniq_crazy_yiuf_cottage,
          uniq_sigmund
D:3:      layout_basic, nicolae_gozag_cash_rules_everything_around_me,
          chequers_serial_rivers_marsh, hangedman_abyss_or_decor_lesser_grid,
          uniq_natasha, uniq_terence
D:4:      layout_rooms, serial_shops, shop
D:5:      layout_cave_pools, minmay_temple_entry_gardened_gates, first_ration,
          lightli_sewer_entry_pipes, uniq_duvessa
D:6:      layout_basic, serial_shops, shop, minmay_misc_feat_enclosed,
          minmay_misc_feat_tower
D:7:      layout_basic, serial_shops, nicolae_shop_window_shopping,
          minmay_small_thing, uniq_prince_ribbit1
D:8:      layout_basic, serial_co_window_serial, co_window_corner_a,
          co_window_corner_a, co_window_paths_b, co_window_paths_a,
          co_window_corner_a, co_window_paths_c, co_window_broadway_b,
          co_window_corner_b, co_window_of_opportunity_b,
          co_window_unsneaky_path_c, glass_columns_b, glass_columns_a,
          glass_columns_c, glass_columns_a
D:9:      layout_long_grid, hangedman_little_slice_of_home, uniq_psyche,
          uniq_grum
D:10:     layout_gridville, david_lair_generic, nrook_guardian_serpent_double,
          uniq_urug
D:11:     minmay_mutant_horseshoe, layout_basic, minmay_misc_feat_ornament,
          lemuel_angel_altar
Temple:   dpeg_chambers_temple

Skill      XL: |  1  2  3  4  5  6  7  8  9 10 11 |
---------------+----------------------------------+-----
Dodging        | 2 3 4 5 7 9 |  9.2
Short Blades   | 3 4 5 7 8 |  8.4
Fighting       | 3 4 5 6 |  6.3
Evocations     | 2 5 |  5.0
Stealth        | 6 8 |  8.0
Shields        | 1 3 5 |  5.7
Invocations    | 7 |  7.5
Hexes          | 2 |  2.0
Spellcasting   | 2 |  2.1
Throwing       | |  2.0

Action                   |  1- 3 |  4- 6 |  7- 9 | 10-12 || total
-------------------------+-------+-------+-------+-------++-------
Melee: Dagger            |    16 |       |       |    30 ||    46
       Constrict         |    12 |    32 |    49 |    37 ||   130
       Tentacles         |     9 |    20 |    37 |    50 ||   116
       Short sword       |    36 |   136 |   208 |   225 ||   605
Throw: Dart              |     3 |    16 |    22 |    11 ||    52
Invok: Stomp             |       |       |     2 |     7 ||     9
       Line Pass         |       |       |       |     3 ||     3
Evoke: Wand              |       |       |     5 |     8 ||    13
  Use: Scroll            |       |     7 |     8 |     8 ||    23
       Potion            |       |     1 |       |     8 ||     9
 Stab: Sleeping          |    13 |    10 |    36 |    17 ||    76
       Distracted        |       |     1 |       |     2 ||     3
       Paralysed         |       |       |     3 |    12 ||    15
       Confused          |       |       |       |     1 ||     1
  Eat: Chunk             |     1 |     6 |    13 |    13 ||    33
       Ration            |       |     1 |     1 |     3 ||     5
Armor: Skin              |     3 |    12 |     4 |     3 ||    22
Dodge: Dodged            |    24 |    83 |    77 |   103 ||   287
Block: Shield            |       |       |    38 |    94 ||   132

Table legend:
 A = Non-vault XP
 B = Vault XP
 C = Vault XP percentage of total XP
 D = Non-vault monster count
 E = Vault monster count
 F = Vault count percentage of total count
                 A         B        C        D         E       F
            +---------+---------+-------+---------+---------+-------
      Total |   11040 |    3321 |  23.1 |     220 |      90 |  29.0
            +---------+---------+-------+---------+---------+-------
        D:1 |      36 |       0 |   0.0 |      20 |       0 |   0.0
        D:2 |      80 |     254 |  76.0 |      21 |      12 |  36.4
        D:3 |     393 |      73 |  15.7 |      44 |       2 |   4.3
        D:4 |     229 |       0 |   0.0 |      12 |       0 |   0.0
        D:5 |     268 |     309 |  53.6 |      10 |      16 |  61.5
        D:6 |     409 |       0 |   0.0 |      11 |       0 |   0.0
        D:7 |     945 |     413 |  30.4 |      22 |       3 |  12.0
        D:8 |    2759 |       0 |   0.0 |      27 |       0 |   0.0
        D:9 |    1003 |    1231 |  55.1 |      28 |      14 |  33.3
       D:10 |    1077 |       0 |   0.0 |       8 |       0 |   0.0
       D:11 |    3841 |     809 |  17.4 |      17 |       2 |  10.5
      Sewer |       0 |     232 | 100.0 |       0 |      41 | 100.0
            +---------+---------+-------+---------+---------+-------
